 Dungeon Crawl Stone Soup version 0.24-a0-715-g0b739ee41d (webtiles) character file.

Game seed: 4403722035552017495, levelgen mode: deterministic

94 Kairok the Sneak (level 4, -3/23 HPs)
             Began as a Vine Stalker Assassin on Sept 30, 2019.
             Slain by an ogre
             ... wielding a +0 giant spiked club
              (20 damage)
             ... on level 3 of the Dungeon.
             The game lasted 00:02:52 (1369 turns).

Kairok the Sneak (Vine Stalker Assassin)            Turns: 1369, Time: 00:02:52

Health: -3/23      AC: 12    Str: 16    XL:     4   Next: 63%
Magic:  0/5        EV:  9    Int: 13    God:
Gold:   115        SH:  0    Dex: 16    Spells: 3/3 levels left

rFire    . . .     SeeInvis .   a - +3 dagger
rCold    . . .     Gourm    .   (no shield)
rNeg     . . .     Faith    .   o - +1 scale mail
rPois    .         Spirit   +   (no helmet)
rElec    .         Reflect  .   p - +2 cloak
rCorr    .         Harm     .   (no gloves)
MR       .....                  (no boots)
Stlth    ++........             (no amulet)
HPRegen  0.47/turn              g - +2 ring of strength
MPRegen  0.09/turn              (no ring)

@: no status effects
A: fangs 2, thin metallic scales 1, clever 1, regeneration 1, magic shield,
antimagic bite, no potion heal 3, rot immunity, MP-powered wands
a: no special abilities


You were on level 3 of the Dungeon.
You were not hungry.

You visited 1 branch of the dungeon, and saw 3 of its levels.

You collected 115 gold pieces.

Inventory:

Hand Weapons
 a - a +3 dagger (weapon)
Missiles
 d - 8 poisoned darts (quivered)
 e - 2 curare-tipped darts
Armour
 o - a +1 scale mail (worn)
 p - a +2 cloak (worn)
Jewellery
 g - a +2 ring of strength (left hand)
Scrolls
 h - a scroll of amnesia
 i - a scroll of magic mapping
 k - 2 scrolls of blinking
 n - a scroll of remove curse
 q - a scroll of identify
Potions
 l - a potion of lignification
 m - a potion of haste
Comestibles
 f - 5 rations


   Skills:
 + Level 2.0 Fighting
 + Level 2.4 Short Blades
 + Level 2.1 Throwing
 + Level 0.5 Armour
 + Level 1.0 Dodging
 + Level 6.4 Stealth


You had 3 spell levels left.
You didn't know any spells.
Your spell library was empty.

Dungeon Overview and Level Annotations

Branches:
Dungeon (3/15)

Altars:
Elyvilon

Annotations:
D:2 Sigmund


Innate Abilities, Weirdness & Mutations

You have extremely sharp teeth.
Your natural rate of healing is unusually fast.
When hurt, damage is shared between your health and your magic reserves.
Your bite disrupts and absorbs the magic of your enemies.
Potions cannot restore your health.
You are immune to rotting.
You are partially covered in thin metallic scales. (AC +2)
Your mind is acute. (Int +2)
You expend magic power (3 MP) to strengthen your wands.


Message History

Found 10 bolts.
A hobgoblin comes into view. It is wielding a +0 club.
The hobgoblin shouts!
You hit the ogre. You bite the ogre. You drain its power.
The ogre is lightly wounded.
You hear a shout!
The ogre closely misses you.
You hit the ogre. You bite the ogre. You drain its power.
The ogre is moderately wounded.
The ogre barely misses you.
You hit the ogre.
The ogre is heavily wounded.
You hit the ogre. You bite the ogre. You drain its power.
The ogre is severely wounded.
The ogre hits you with a +0 giant spiked club!
You hit the ogre. You bite the ogre, but do no damage.
The ogre is almost dead.
The ogre hits you with a +0 giant spiked club!!
Ouch! That really hurt!
You die...

## ##### ..
...#
####.##.######
#?..gO@.....<#
#.##..g.######
((........
#..###.#### #.
... .. .... .
..... ####.##


You could see an ogre and 2 hobgoblins.

Vanquished Creatures
  Jessica (D:2)
  2 adders (D:2)
  An ooze (D:1)
  A worm (D:2)
  A dart slug (D:1)
  A leopard gecko (D:2)
  2 giant cockroaches (D:1)
  6 goblins
  3 hobgoblins (D:1)
  3 kobolds
  A quokka (D:2)
  7 bats
  3 frilled lizards
  11 rats
43 creatures vanquished.

Notes
Turn   | Place    | Note
-------+----------+-------------------------------------------
     0 | D:1      | Kairok the Vine Stalker Assassin began the quest for the
                  | Orb.
     0 | D:1      | Reached XP level 1. HP: 11/11 MP: 2/2
    49 | D:1      | Reached skill level 5 in Stealth
    66 | D:1      | Reached XP level 2. HP: 15/15 MP: 3/3
   310 | D:1      | Reached XP level 3. HP: 12/18 MP: 4/4
   620 | D:1      | Gained mutation: You are partially covered in thin metallic
                  | scales. (AC +2) [potion of mutation]
   620 | D:1      | Gained mutation: Your mind is acute. (Int +2) [potion of
                  | mutation]
   620 | D:1      | Gained mutation: You expend magic power (3 MP) to
                  | strengthen your wands. [potion of mutation]
   723 | D:2      | Noticed Sigmund
   849 | D:2      | Reached skill level 6 in Stealth
   902 | D:2      | Found a white marble altar of Elyvilon.
   974 | D:2      | Noticed Jessica
   980 | D:2      | Killed Jessica
   980 | D:2      | Reached skill level 1 in Dodging
   980 | D:2      | Gained mutation: Your natural rate of healing is unusually
                  | fast. [Vine Stalker growth]
   980 | D:2      | Reached XP level 4. HP: 12/23 MP: 2/5
  1361 | D:3      | Noticed an ogre
  1369 | D:3      | Slain by an ogre

Levels and vault maps discovered:
D:1:      ncdulo_halloftheorcs, layout_rooms, serial_bayou_pond_e,
          chequers_serial_rivers_micro_a, minmay_misc_feat_rugged
D:2:      layout_loops_ring, old_standard_altar, first_ration, uniq_sigmund,
          uniq_jessica
D:3:      layout_basic, nicolae_overflow_crystal_walls

Skill      XL: |  1  2  3  4 |
---------------+-------------+-----
Stealth        | 5 6 |  6.4
Short Blades   | 2 |  2.4
Throwing       | 2 |  2.1
Dodging        | 1 |  1.0
Fighting       | 2 |  2.0
Armour         | |  0.5

Action                   |  1- 3 |  4- 6 || total
-------------------------+-------+-------++-------
Melee: Dagger            |    81 |    19 ||   100
       Bite              |    22 |     7 ||    29
  Use: Scroll            |     4 |     5 ||     9
       Potion            |     2 |       ||     2
 Stab: Sleeping          |     6 |       ||     6
  Eat: Chunk             |       |     1 ||     1
Armor: Robe              |     7 |       ||     7
       Scale mail        |     8 |    11 ||    19
       Leather armour    |     1 |       ||     1
       Ring mail         |    16 |       ||    16
Dodge: Dodged            |    50 |     6 ||    56

Table legend:
 A = Non-vault XP
 B = Vault XP
 C = Vault XP percentage of total XP
 D = Non-vault monster count
 E = Vault monster count
 F = Vault count percentage of total count
                 A         B        C        D         E       F
            +---------+---------+-------+---------+---------+-------
      Total |      98 |      37 |  27.4 |      42 |       1 |   2.3
            +---------+---------+-------+---------+---------+-------
        D:1 |      44 |       0 |   0.0 |      24 |       0 |   0.0
        D:2 |      54 |      37 |  40.7 |      18 |       1 |   5.3
            +---------+---------+-------+---------+---------+-------
